AoeStats
← Carple

Golden Pit

503481859Analyzed
1v1 RM · 1mo ago on Aug 31, 2026· 51m 25s· 2 players
Game mode
Random Map
Map size
Tiny (2 player)
Population
200
Speed
Normal
Resources
Standard
Victory
Conquest
Starting age
Dark Age
Ending age
Imperial Age
RankedLock teamsTeams togetherTeam positionsShared explorationLock speedFull tech treeHidden civsTurbo modeCheats
Victory
Defeat
🇵🇪 Goths · Peru
1187
+16
🇨🇦 Spanish · Canada
1181
-16
Carple
7:24 Loom
11:24 Feudal Age
14:12 Fletching
14:08 Horse Collar
15:14 Stone Mining
15:20 Double-Bit Axe
19:09 Castle Age
20:11 Bodkin Arrow
21:26 Husbandry
21:53 Padded Archer Armor
31:03 Bloodlines
33:35 Forging
36:53 Bow Saw
38:17 Gold Mining
39:41 Leather Archer Armor
41:29 Heavy Plow
43:08 Scale Barding Armor
49:05 Imperial Age
49:45 Iron Casting
MaxTorres04
4:22 Loom
10:05 Feudal Age
10:18 Man-at-Arms
16:13 Wheelbarrow
20:48 Castle Age
18:57 Double-Bit Axe
19:02 Horse Collar
19:20 Gold Mining
19:33 Scale Mail Armor
20:28 Forging
22:06 Pikeman
22:07 Long Swordsman
25:36 Fletching
25:46 Padded Archer Armor
25:45 Elite Skirmisher
30:20 Bodkin Arrow
30:58 Ballistics
35:27 Padded Archer Armor
36:41 Squires
41:14 Imperial Age
40:17 Anarchy
40:36 Chain Mail Armor
40:57 Iron Casting
40:52 Bow Saw
42:56 Hand Cart
44:33 Town Watch
44:55 Elite Huskarl
47:10 Two-Man Saw
46:12 Heavy Plow
50:25 Halberdier
Connection lost

Rejoining the realm…

Still unreachable

The connection could not be restored.

Session expired

The server has moved on; the page needs a fresh start.